 Dungeon Crawl Stone Soup version 0.23-a0-32-g1388f29 (webtiles) character file.

430 Gergoth the Skirmisher (level 6, 0/71 HPs)
             Began as an Ogre Chaos Knight on Aug 4, 2018.
             Killed by divine providence
             ... invoked by an orc priest
              (10 damage)
             ... on level 5 of the Dungeon.
             The game lasted 00:06:33 (2888 turns).

Gergoth the Skirmisher (Ogre Chaos Knight)          Turns: 2888, Time: 00:06:34

Health: 0/71       AC:  3    Str: 19    XL:     6   Next: 99%
Magic:  6/6        EV: 11    Int: 13    God:    Xom [*.....]
Gold:   234        SH:  2    Dex:  8    Spells: 3/5 levels left

rFire    . . .     SeeInvis .   j - +0 whip (elec)
rCold    . . .     Gourm    .   (no shield)
rNeg     . . .     Faith    .   n - +0 animal skin
rPois    .         Spirit   .   (helmet restricted)
rElec    .         Reflect  +   (no cloak)
rCorr    .         Harm     .   (gloves unavailable)
MR       .....                  (boots unavailable)
Stlth    +.........             q - +2 amulet of reflection
HPRegen  0.21/turn              k - +1 ring of evasion
MPRegen  0.10/turn              (no ring)

@: no status effects
A: large, unfitting armour, tough skin 1
a: Renounce Religion


You were on level 5 of the Dungeon.
You worshipped Xom.
You were a special plaything of Xom.
You were hungry.

You visited 1 branch of the dungeon, and saw 5 of its levels.

You collected 234 gold pieces.

Inventory:

Hand Weapons
 a - a +0 mace of chaos
 j - a +0 whip of electrocution (weapon)
Missiles
 x - 3 javelins (quivered)
Armour
 b - a +2 robe
 n - a +0 animal skin (worn)
Jewellery
 f - an uncursed ring of protection from magic {unknown}
 k - a +1 ring of evasion (left hand)
 q - a +2 amulet of reflection (around neck)
Wands
 r - a wand of flame (22)
 v - a wand of iceblast (14)
Scrolls
 e - 4 scrolls of teleportation {unknown}
 i - a scroll of identify
 p - 2 scrolls of fog
 s - 4 scrolls of remove curse
 t - a scroll of amnesia {unknown}
 w - a scroll of immolation {unknown}
 y - a scroll of fear {unknown}
Potions
 d - 2 potions of invisibility
 g - 2 potions of might {unknown}
 h - 2 potions of brilliance
 l - 2 potions of flight {unknown}
 m - a potion of curing
 o - a potion of heal wounds {unknown}
 u - 3 potions of degeneration {unknown}
Comestibles
 c - 12 rations
 z - 5 chunks of flesh


   Skills:
 + Level 7.6 Fighting
 + Level 5.2 Maces & Flails
 - Level 2.1 Dodging


You had 3 spell levels left.
You knew the following spells:

 Your Spells              Type           Power        Failure   Level  Hunger
a - Shroud of Golubria    Chrm/Tloc      #.........   43%         2    ###....

Your spell library contained the following spells:

 Spells                   Type           Power        Failure   Level  Hunger
 Regeneration             Chrm/Necr      #.........   67%         3    ####...
 Infusion                 Chrm           #...         30%         1    ##.....
 Song of Slaying          Chrm           #.......     43%         2    ###....
 Spectral Weapon          Hex/Chrm       #.......     67%         3    ####...


Dungeon Overview and Level Annotations

Branches:
Dungeon (5/15)
 Temple: D:4-7

Altars:
Trog
Vehumet


Innate Abilities, Weirdness & Mutations

You are too large for most types of armour.
You have tough skin. (AC +1)


Message History

Lightning courses through the orc priest!
You kill the orc priest!
You feel sick. The orc priest barely misses you.
The orc wizard hits you with a dagger.
* * * LOW HITPOINT WARNING * * *
You closely miss the orc priest.
You feel sick.
The orc priest hits you with a dagger of venom.
* * * LOW HITPOINT WARNING * * *
The orc wizard completely misses you.
You barely miss the orc priest.
* * * LOW HITPOINT WARNING * * *
You feel sick. You block the orc priest's attack.
The orc wizard gestures at you while chanting.
The puff of flame hits you!
* * * LOW HITPOINT WARNING * * *
You feel better.
The orc priest mumbles some strange prayers to Beogh against you.
Beogh smites you!
You die...
Xom roars with laughter!

... #+ ....#########..
#...............
#...............
#########...............
.......#.....##....<#
....... #....##.....#
......o##....##.....#
......)@'...........##.
......o.#.......[.......
........#...............
........#...............
....#######..####...####
#+## #..####...#
#.....#....#
#.....#....# #.....#
...#


You could see an orc priest and an orc wizard.

Vanquished Creatures
  A phantom (D:4)
  A crimson imp (D:4)
  An orc priest (D:5)
  3 orc wizards
  Robin (D:3)
  5 adders
  4 river rats (D:4)
  An ooze (D:2)
  An adder skeleton (D:4)
  A dart slug (D:3)
  4 leopard geckos
  10 orcs
  6 goblins
  9 hobgoblins
  4 jackals (D:1)
  5 kobolds
  2 quokkas (D:3)
  9 bats
  4 frilled lizards
  A leopard gecko skeleton (D:4)
  25 rats
98 creatures vanquished.

Notes
Turn   | Place    | Note
-------+----------+-------------------------------------------
     0 | D:1      | Gergoth the Ogre Chaos Knight began the quest for the Orb.
     0 | D:1      | Reached XP level 1. HP: 24/24 MP: 1/1
   111 | D:1      | Reached XP level 2. HP: 33/33 MP: 2/2
   145 | D:1      | XOM: harmless Fire miscast
   622 | D:2      | XOM: noise
   657 | D:2      | Reached XP level 3. HP: 41/41 MP: 3/3
   729 | D:2      | Found a faded altar of an unknown god.
   820 | D:2      | Reached skill level 5 in Fighting
   961 | D:2      | XOM: divination: detect creatures
  1052 | D:2      | Found a bloodstained altar of Trog.
  1082 | D:2      | XOM: silly message
  1108 | D:2      | XOM: harmless Erth miscast
  1159 | D:3      | Noticed Robin
  1160 | D:3      | Found a radiant altar of Vehumet.
  1198 | D:3      | Killed Robin
  1198 | D:3      | Reached XP level 4. HP: 50/50 MP: 4/4
  1437 | D:3      | XOM: silly message
  1601 | D:3      | Reached skill level 6 in Fighting
  1601 | D:3      | Reached XP level 5. HP: 48/59 MP: 5/5
  1613 | D:3      | XOM: 3-stop teleportation journey
  1659 | D:3      | XOM: god gift: book of Battle
  1681 | D:3      | Learned a level 2 spell: Shroud of Golubria
  1834 | D:3      | XOM: god gift: shiny ring mail {god gift}
  1881 | D:3      | XOM is BORED!
  1881 | D:3      | XOM: medium Erth miscast
  2039 | D:4      | Noticed a phantom
  2048 | D:4      | XOM: divination: magic mapping
  2063 | D:4      | Killed a phantom
  2063 | D:4      | Reached XP level 6. HP: 16/68 MP: 6/6
  2309 | D:4      | Reached skill level 7 in Fighting
  2316 | D:4      | XOM: blink monster(s)
  2671 | D:4      | XOM: enchant monster (bad)
  2718 | D:4      | Reached skill level 5 in Maces & Flails
  2791 | D:4      | XOM: harmless Pois miscast
  2857 | D:5      | Entered Level 5 of the Dungeon
  2888 | D:5      | Killed from afar by an orc priest

Vault maps used:
D:1:      nzn_arrival_settlement, st_stairs_10, minivault_26,
          hangedman_decor_clover_reticule
D:2:      lightli_temple_of_fire, chequers_ecumenical_altar_simple_redux,
          minmay_liquid_box, minmay_heptomino_o4
D:3:      minmay_misc_feat_x, amethyst_killhole, lemuel_tele_altar, uniq_robin
D:4:      first_ration, minmay_misc_feat_encased, minmay_crystal_room,
          dk_rats_in_the_wall
D:5:      cheibrodos_helix_gallery, minmay_temple_entry_large_hall,
          serial_shops, shop

Skill      XL: |  1  2  3  4  5  6 |
---------------+-------------------+-----
Maces & Flails | 3 4 5 |  5.2
Fighting       | 5 6 7 |  7.6
Dodging        | |  2.1

Action                   |  1- 3 |  4- 6 || total
-------------------------+-------+-------++-------
Melee: Mace              |    27 |       ||    27
       Whip              |    63 |   193 ||   256
  Use: Scroll            |     6 |       ||     6
       Potion            |       |     1 ||     1
  Eat: Chunk             |     1 |     5 ||     6
Armor: Robe              |    41 |     6 ||    47
       Animal skin       |       |    16 ||    16
Dodge: Dodged            |    63 |    78 ||   141
Block: Other             |     2 |    10 ||    12

Table legend:
 A = Spawn XP
 B = Non-spawn XP
 C = Spawn XP percentage of total XP
 D = Spawn monster count
 E = Non-spawn monster count
 F = Spawn count percentage of total count
 G = Total turns spent on level
                    A         B        C        D         E        F      G
               +---------+---------+-------+---------+---------+-------+---------
         Total |       0 |     615 |   0.0 |       0 |      98 |   0.0 |  2888
               +---------+---------+-------+---------+---------+-------+---------
           D:1 |       0 |      31 |   0.0 |       0 |      18 |   0.0 |   622
           D:2 |       0 |      31 |   0.0 |       0 |      10 |   0.0 |   515
           D:3 |       0 |     140 |   0.0 |       0 |      34 |   0.0 |   767
           D:4 |       0 |     372 |   0.0 |       0 |      35 |   0.0 |   953
           D:5 |       0 |      41 |   0.0 |       0 |       1 |   0.0 |    31
               +---------+---------+-------+---------+---------+-------+---------
